TOP OF THE 1ST |
Fort Myers Palms batting - Pitching for Winter Haven Sun Sox : RHP Robert Pfeffer
|
Pitching: RHP Robert Pfeffer
|
|
Batting: RHB Stanley Baker
|
0-0: Ball 1-0: Called Strike 1-1: Foul Ball, location: 2F 1-2: Foul Ball, location: 2F 1-2: Foul Ball, location: 2F 1-2: Foul Ball, location: 2F 1-2: Foul Ball, location: 2F 1-2: Ball 2-2: Foul Ball, location: 2F 2-2: Ball 3-2: Fly out, F9 (Flyball, 9LM, EV 86.3 MPH)
|
Batting: RHB Johnny Evans
|
0-0: Ball 1-0: Swinging Strike 1-1: Ball 2-1: Called Strike 2-2: Strikes out swinging
|
Batting: LHB Gus Burgess
|
0-0: Called Strike 0-1: Called Strike 0-2: Strikes out swinging
|
Top of the 1st over - 0 runs, 0 hits, 0 errors, 0 left on base; Fort Myers 0 - Winter Haven 0 |
BOTTOM OF THE 1ST |
Winter Haven Sun Sox batting - Pitching for Fort Myers Palms : LHP Mel Estrada
|
Pitching: LHP Mel Estrada
|
|
Batting: LHB Don Carter
|
0-0: Swinging Strike 0-1: Foul Ball, location: 2F 0-2: Ball 1-2: Strikes out looking
|
Batting: RHB Takashi Upshur
|
0-0: Swinging Strike 0-1: Ball 1-1: Fly out, F9 (Flyball, 9D, EV 87.5 MPH)
|
Batting: RHB Michael Rupp
|
0-0: Ball 1-0: Swinging Strike 1-1: Ball 2-1: Foul Ball, location: 2F 2-2: Ball 3-2: Base on Balls
|
Batting: RHB Jose Marcano
|
0-0: Called Strike 0-1: Called Strike 0-2: Foul Ball, location: 2F 0-2: Foul Ball, location: 2F 0-2: Foul Ball, location: 2F 0-2: Ball 1-2: Fly out, F7 (Flyball, 7LM, EV 95.6 MPH)
|
Bottom of the 1st over - 0 runs, 0 hits, 0 errors, 1 left on base; Fort Myers 0 - Winter Haven 0 |
TOP OF THE 2ND |
Fort Myers Palms batting - Pitching for Winter Haven Sun Sox : RHP Robert Pfeffer
|
Batting: LHB James Atkinson
|
0-0: Ball 1-0: Called Strike 1-1: Foul Ball, location: 2F 1-2: Foul Ball, location: 2F 1-2: Foul Ball, location: 2F 1-2: Ball 2-2: Ball 3-2: Strikes out swinging
|
Batting: RHB Matt Sinatro
|
0-0: Fly out, F7 (Flyball, 7D, EV 98.1 MPH)
|
Batting: RHB Carl Nichols
|
0-0: SINGLE (Flyball, 8RS, EV 100.6 MPH)
|
Batting: RHB Jim Bishop
|
0-0: Ball 1-0: Ball 2-0: Ball 3-0: Called Strike 3-1: Base on Balls Carl Nichols to second
|
Batting: RHB Jay Greb
|
0-0: Ball 1-0: Called Strike 1-1: Ball 2-1: Foul Ball, location: 2F 2-2: SINGLE (Line Drive, 78M, EV 91.9 MPH) Carl Nichols to third Jim Bishop to second Runner from 3rd tries for Home, SAFE, throw by LF to home
|
Now in LF: Augie Schmidt
|
|
Batting: SHB Porter Wyatt
|
0-0: Fly out, F8 (Line Drive, 8LD, EV 104.4 MPH)
|
Top of the 2nd over - 1 run, 2 hits, 0 errors, 2 left on base; Fort Myers 1 - Winter Haven 0 |
BOTTOM OF THE 2ND |
Winter Haven Sun Sox batting - Pitching for Fort Myers Palms : LHP Mel Estrada
|
Batting: RHB Stephen Rhodes
|
0-0: Ball 1-0: Swinging Strike 1-1: Ball 2-1: Ball 3-1: Base on Balls
|
Batting: RHB Domingo Ramos
|
0-0: Ball 1-0: SINGLE (Line Drive, 4MD, EV 95.6 MPH) Stephen Rhodes to second Runner from 2nd tries for 3rd, SAFE, throw by CF made to third
|
Batting: RHB Sam Sorce
|
0-0: Called Strike 0-1: Foul Ball, location: 2F 0-2: Ball 1-2: Ball 2-2: Fly out, F8 (Line Drive, 8RM, EV 100.0 MPH) Runner from 3rd tags up, SCORES, no throw by CF
|
Batting: RHB Roderick Murphy
|
0-0: Foul Ball, location: 2F 0-1: Ball 1-1: Ball 2-1: Called Strike 2-2: SINGLE (Groundball, 25, EV 71.9 MPH) (infield hit) Domingo Ramos to second
|
Batting: LHB John Heller
|
0-0: Swinging Strike 0-1: Ball 1-1: Foul Ball, location: 2F 1-2: Ball 2-2: Fly out, F9 (Flyball, 9S, EV 77.5 MPH)
|
Batting: RHB Augie Schmidt
|
0-0: SINGLE (Line Drive, 89M, EV 97.5 MPH) Domingo Ramos to third Roderick Murphy to second Runner from 3rd tries for Home, SAFE, throw by CF to home
|
Batting: RHB Takashi Upshur
|
0-0: Ball 1-0: Ball 2-0: Called Strike 2-1: Fly out, F7 (Flyball, 7, EV 88.8 MPH)
|
Bottom of the 2nd over - 2 runs, 3 hits, 0 errors, 2 left on base; Fort Myers 1 - Winter Haven 2 |
TOP OF THE 3RD |
Fort Myers Palms batting - Pitching for Winter Haven Sun Sox : RHP Robert Pfeffer
|
Batting: RHB Stanley Baker
|
0-0: Ball 1-0: Ball 2-0: Ball 3-0: Base on Balls
|
Batting: RHB Johnny Evans
|
0-0: Called Strike 0-1: Called Strike 0-2: Strikes out swinging
|
Batting: LHB Gus Burgess
|
0-0: Foul Ball, location: 2F 0-1: SINGLE (Line Drive, 4MD, EV 97.5 MPH) Stanley Baker to second
|
Batting: LHB James Atkinson
|
0-0: Ball 1-0: Foul Ball, location: 2F 1-1: Foul Ball, location: 2F 1-2: Fly out, F9 (Flyball, 9D, EV 101.3 MPH) Runner from 2nd tags up, SAFE at 3rd, no throw by RF
|
Batting: RHB Matt Sinatro
|
0-0: Ball 1-0: Foul Ball, location: 2F 1-1: Ball 2-1: Ground out 4-3 (Groundball, 4S, EV 82.5 MPH)
|
Top of the 3rd over - 0 runs, 1 hit, 0 errors, 2 left on base; Fort Myers 1 - Winter Haven 2 |
BOTTOM OF THE 3RD |
Winter Haven Sun Sox batting - Pitching for Fort Myers Palms : LHP Mel Estrada
|
Batting: RHB Michael Rupp
|
0-0: Ball 1-0: Ball 2-0: Ball 3-0: Called Strike 3-1: Ground out 6-3 (Groundball, 6, EV 83.1 MPH)
|
Batting: RHB Jose Marcano
|
0-0: Called Strike 0-1: Ball 1-1: Ball 2-1: Called Strike 2-2: Foul Ball, location: 2F 2-2: Foul Ball, location: 2F 2-2: Foul Ball, location: 2F 2-2: Ground out 4-3 (Groundball, 4M, EV 106.9 MPH)
|
Batting: RHB Stephen Rhodes
|
0-0: Called Strike 0-1: Ball 1-1: Foul Ball, location: 2F 1-2: Foul Ball, location: 2F 1-2: Ball 2-2: Ball 3-2: Ground out 6-3 (Groundball, 6, EV 90.0 MPH)
|
Bottom of the 3rd over - 0 runs, 0 hits, 0 errors, 0 left on base; Fort Myers 1 - Winter Haven 2 |
TOP OF THE 4TH |
Fort Myers Palms batting - Pitching for Winter Haven Sun Sox : RHP Robert Pfeffer
|
Batting: RHB Carl Nichols
|
0-0: Ground out 6-3 (Groundball, 6, EV 78.1 MPH)
|
Batting: RHB Jim Bishop
|
0-0: Swinging Strike 0-1: Ball 1-1: Foul Ball, location: 2F 1-2: Ball 2-2: SINGLE (Groundball, 6MS, EV 63.8 MPH) (infield hit)
|
Batting: RHB Jay Greb
|
0-0: Called Strike 0-1: Ball 1-1: Fielders Choice at 2nd, 6-4 (Groundball, 6, EV 107.5 MPH)
|
Batting: SHB Porter Wyatt
|
0-0: Ball 1-0: Ball 2-0: Called Strike 2-1: Swinging Strike 2-2: Foul Ball, location: 2F 2-2: Strikes out swinging
|
Top of the 4th over - 0 runs, 1 hit, 0 errors, 1 left on base; Fort Myers 1 - Winter Haven 2 |
BOTTOM OF THE 4TH |
Winter Haven Sun Sox batting - Pitching for Fort Myers Palms : LHP Mel Estrada
|
Batting: RHB Domingo Ramos
|
0-0: Called Strike 0-1: Ground out 5-3 (Groundball, 56S, EV 68.1 MPH)
|
Batting: RHB Sam Sorce
|
0-0: Fly out, F9 (Flyball, 9D, EV 103.1 MPH)
|
Batting: RHB Roderick Murphy
|
0-0: TRIPLE (Flyball, 78XD, EV 93.8 MPH)
|
Batting: LHB John Heller
|
0-0: Called Strike 0-1: Called Strike 0-2: Fly out, F9 (Flyball, 89M, EV 81.9 MPH)
|
Bottom of the 4th over - 0 runs, 1 hit, 0 errors, 1 left on base; Fort Myers 1 - Winter Haven 2 |
TOP OF THE 5TH |
Fort Myers Palms batting - Pitching for Winter Haven Sun Sox : RHP Robert Pfeffer
|
Batting: RHB Stanley Baker
|
0-0: Ball 1-0: Ball 2-0: SINGLE (Groundball, 56D, EV 101.9 MPH)
|
Batting: RHB Johnny Evans
|
0-0: Ball 1-0: Called Strike 1-1: Foul Ball, location: 2F 1-2: Foul Ball, location: 2F 1-2: Ball 2-2: Foul Ball, location: 2F 2-2: Ball 3-2: Grounds into double play, 4-6-3 (Groundball, 4, EV 89.4 MPH)
|
Batting: LHB Gus Burgess
|
0-0: Foul Ball, location: 2F 0-1: Ground out 6-3 (Groundball, 6, EV 88.1 MPH)
|
Top of the 5th over - 0 runs, 1 hit, 0 errors, 0 left on base; Fort Myers 1 - Winter Haven 2 |
BOTTOM OF THE 5TH |
Winter Haven Sun Sox batting - Pitching for Fort Myers Palms : LHP Mel Estrada
|
Batting: RHB Augie Schmidt
|
0-0: Ground out 4-3 (Groundball, 34, EV 84.4 MPH)
|
Batting: RHB Takashi Upshur
|
0-0: Ball 1-0: Ball 2-0: Ball 3-0: Base on Balls
|
Batting: RHB Michael Rupp
|
0-0: Foul Ball, location: 2F 0-1: Ball 1-1: Called Strike 1-2: Ball 2-2: Fly out, F9 (Flyball, 89S, EV 81.9 MPH)
|
Batting: RHB Jose Marcano
|
0-0: Ball 1-0: Swinging Strike 1-1: Ball 2-1: Ball 3-1: Foul Ball, location: 2F 3-2: Ground out 6-3 (Groundball, 6, EV 81.9 MPH)
|
Bottom of the 5th over - 0 runs, 0 hits, 0 errors, 1 left on base; Fort Myers 1 - Winter Haven 2 |
TOP OF THE 6TH |
Fort Myers Palms batting - Pitching for Winter Haven Sun Sox : RHP Robert Pfeffer
|
Batting: LHB James Atkinson
|
0-0: Ball 1-0: Ball 2-0: Ball 3-0: Called Strike 3-1: Called Strike 3-2: Base on Balls
|
Batting: RHB Matt Sinatro
|
0-0: Ball 1-0: Ball 2-0: Foul Ball, location: 2F 2-1: Ball 3-1: Swinging Strike 3-2: Single, Error in OF, E9, batter to second base (Groundball, 34D, EV 101.3 MPH) James Atkinson to third
|
Batting: RHB Carl Nichols
|
0-0: Ball 1-0: Ball 2-0: Called Strike 2-1: Ball 3-1: Base on Balls
|
Batting: RHB Jim Bishop
|
0-0: Swinging Strike 0-1: Ball 1-1: Grounds into double play, 1-2-3 (Groundball, 15S, EV 67.5 MPH) Matt Sinatro to third Carl Nichols to second
|
Batting: RHB Jay Greb
|
0-0: Called Strike 0-1: Ball 1-1: SINGLE (Groundball, 56D, EV 95.6 MPH) - runner OUT being hit by batted ball. (infield hit)
|
Top of the 6th over - 0 runs, 2 hits, 1 error, 2 left on base; Fort Myers 1 - Winter Haven 2 |
BOTTOM OF THE 6TH |
Winter Haven Sun Sox batting - Pitching for Fort Myers Palms : LHP Mel Estrada
|
Batting: RHB Stephen Rhodes
|
0-0: Ball 1-0: Fly out, F9 (Flyball, 89D, EV 89.4 MPH)
|
Batting: RHB Domingo Ramos
|
0-0: Swinging Strike 0-1: Ball 1-1: Ball 2-1: Ball 3-1: SINGLE (Line Drive, 56D, EV 95.0 MPH)
|
Batting: RHB Sam Sorce
|
0-0: Called Strike 0-1: Ball 1-1: SINGLE (Groundball, 6MD, EV 102.5 MPH) Domingo Ramos to second Runner from 2nd tries for 3rd, SAFE, no throw by CF
|
Batting: RHB Roderick Murphy
|
0-0: Ball 1-0: Ground out 5-3 (Groundball, 6S, EV 63.1 MPH) Sam Sorce to second
|
Batting: LHB John Heller
|
0-0: Ball 1-0: Ball 2-0: Called Strike 2-1: Called Strike 2-2: Strikes out swinging
|
Bottom of the 6th over - 0 runs, 2 hits, 0 errors, 2 left on base; Fort Myers 1 - Winter Haven 2 |
TOP OF THE 7TH |
Fort Myers Palms batting - Pitching for Winter Haven Sun Sox : RHP Robert Pfeffer
|
Batting: SHB Porter Wyatt
|
0-0: Called Strike 0-1: Ground out U3 (Groundball, 34, EV 106.9 MPH)
|
Batting: RHB Stanley Baker
|
0-0: Ball 1-0: Called Strike 1-1: Swinging Strike 1-2: Strikes out swinging
|
Batting: RHB Johnny Evans
|
0-0: Called Strike 0-1: Called Strike 0-2: Ball 1-2: Ball 2-2: DOUBLE (Line Drive, 9LS, EV 108.1 MPH)
|
Pitching: RHP Dave Steffen
|
|
Batting: LHB Gus Burgess
|
0-0: Foul Ball, location: 2F 0-1: Ball 1-1: Called Strike 1-2: Ball 2-2: Foul Ball, location: 2F 2-2: Strikes out swinging
|
Top of the 7th over - 0 runs, 1 hit, 0 errors, 1 left on base; Fort Myers 1 - Winter Haven 2 |
BOTTOM OF THE 7TH |
Winter Haven Sun Sox batting - Pitching for Fort Myers Palms : LHP Mel Estrada
|
Batting: RHB Augie Schmidt
|
0-0: Fly out, F5 (Popup, 5SF, EV 71.3 MPH)
|
Batting: RHB Takashi Upshur
|
0-0: Ball 1-0: Called Strike 1-1: Ball 2-1: Ground out 6-3 (Groundball, 6MD, EV 84.4 MPH)
|
Batting: RHB Michael Rupp
|
0-0: Foul Ball, location: 2F 0-1: Called Strike 0-2: Foul Ball, location: 2F 0-2: Ball 1-2: Ball 2-2: SINGLE (Groundball, 4MD, EV 106.3 MPH)
|
Pitching: RHP Thomas McLaughlin
|
|
Batting: RHB Jose Marcano
|
0-0: Called Strike 0-1: Ball 1-1: Fly out, F8 (Flyball, 78D, EV 96.9 MPH)
|
Bottom of the 7th over - 0 runs, 1 hit, 0 errors, 1 left on base; Fort Myers 1 - Winter Haven 2 |
TOP OF THE 8TH |
Fort Myers Palms batting - Pitching for Winter Haven Sun Sox : RHP Dave Steffen
|
Batting: LHB James Atkinson
|
0-0: Ball 1-0: Ball 2-0: Foul Ball, location: 2F 2-1: Foul Ball, location: 2F 2-2: Ball 3-2: Base on Balls
|
Batting: RHB Matt Sinatro
|
0-0: Called Strike 0-1: Swinging Strike 0-2: Fielders Choice at 2nd, 6-4 (Groundball, 6, EV 78.8 MPH)
|
Pinch Hitting: LHB Arthur Carlisi
|
0-0: Swinging Strike 0-1: Ball 1-1: Ball 2-1: Foul Ball, location: 2F 2-2: Ball 3-2: Foul Ball, location: 2F 3-2: DOUBLE (Line Drive, 9LS, EV 96.3 MPH) Matt Sinatro to third Runner from 3rd tries for Home, SAFE, throw by RF to trailing runner, SAFE at third!
|
Batting: RHB Jim Bishop
|
0-0: Foul Ball, location: 2F 0-1: SINGLE (Groundball, 6D, EV 101.9 MPH) Arthur Carlisi scores
|
Batting: RHB Jay Greb
|
0-0: Called Strike 0-1: Swinging Strike 0-2: Foul Ball, location: 2F 0-2: Ball 1-2: Foul Ball, location: 2F 1-2: Strikes out swinging
|
Batting: SHB Porter Wyatt
|
0-0: Foul Ball, location: 2F 0-1: Fly out, F5 (Popup, 56S, EV 75.0 MPH)
|
Top of the 8th over - 2 runs, 2 hits, 0 errors, 1 left on base; Fort Myers 3 - Winter Haven 2 |
BOTTOM OF THE 8TH |
Winter Haven Sun Sox batting - Pitching for Fort Myers Palms : RHP Thomas McLaughlin
|
Now at 2B: Lindon Duncan
|
|
Now at 3B: Paul Fryer
|
|
Batting: RHB Stephen Rhodes
|
0-0: Foul Ball, location: 2F 0-1: Swinging Strike 0-2: Strikes out swinging
|
Batting: RHB Domingo Ramos
|
0-0: Called Strike 0-1: Ground out 6-3 (Groundball, 56, EV 107.5 MPH)
|
Batting: RHB Sam Sorce
|
0-0: Ground out 6-3 (Groundball, 6, EV 86.3 MPH)
|
Bottom of the 8th over - 0 runs, 0 hits, 0 errors, 0 left on base; Fort Myers 3 - Winter Haven 2 |
TOP OF THE 9TH |
Fort Myers Palms batting - Pitching for Winter Haven Sun Sox : RHP Dave Steffen
|
Pitching: RHP Brian Monahan
|
|
Batting: RHB Stanley Baker
|
0-0: Foul Ball, location: 2F 0-1: DOUBLE (Flyball, 89D, EV 105.6 MPH) - OUT at third base trying to stretch hit.
|
Batting: RHB Johnny Evans
|
0-0: Called Strike 0-1: Swinging Strike 0-2: Ball 1-2: Foul Ball, location: 2F 1-2: Strikes out swinging
|
Batting: LHB Gus Burgess
|
0-0: Called Strike 0-1: Ball 1-1: Ball 2-1: Foul Ball, location: 2F 2-2: Ball 3-2: Foul Ball, location: 2F 3-2: Foul Ball, location: 2F 3-2: Foul Ball, location: 2F 3-2: Base on Balls
|
Batting: LHB James Atkinson
|
0-0: Ball 1-0: Called Strike 1-1: Foul Ball, location: 2F 1-2: Ball 2-2: Foul Ball, location: 2F 2-2: Ground out 6-3 (Groundball, 56, EV 99.4 MPH)
|
Top of the 9th over - 0 runs, 1 hit, 0 errors, 1 left on base; Fort Myers 3 - Winter Haven 2 |
BOTTOM OF THE 9TH |
Winter Haven Sun Sox batting - Pitching for Fort Myers Palms : RHP Thomas McLaughlin
|
Pitching: RHP David Thornton
|
|
Batting: LHB Charles Melito
|
0-0: Ball 1-0: SINGLE (Flyball, 6D, EV 88.8 MPH)
|
Batting: LHB John Heller
|
0-0: Foul Ball, location: 2F 0-1: Ball 1-1: Foul Ball, location: 2F 1-2: Ball 2-2: Ball 3-2: Foul Ball, location: 2F 3-2: SINGLE (Line Drive, 9S, EV 85.0 MPH) Charles Melito to second Runner from 2nd tries for 3rd, SAFE, no throw by RF
|
Batting: RHB Augie Schmidt
|
0-0: Ball 1-0: Ground out 4-3 (Groundball, 34S, EV 84.4 MPH) John Heller to second
|
Batting: RHB Takashi Upshur
|
0-0: Ball 1-0: Ball 2-0: Foul Ball, location: 2F 2-1: Foul Ball, location: 2F 2-2: Fly out, F8 (Flyball, 8LM, EV 95.0 MPH)
|
Batting: RHB Michael Rupp
|
0-0: Ball 1-0: Called Strike 1-1: Ball 2-1: Ball 3-1: Base on Balls
|
Batting: RHB Jose Marcano
|
0-0: Ball 1-0: Foul Ball, location: 2F 1-1: Ball 2-1: Foul Ball, location: 2F 2-2: Ground out 4-3 (Groundball, 4, EV 98.1 MPH)
|
Bottom of the 9th over - 0 runs, 2 hits, 0 errors, 3 left on base; Fort Myers 3 - Winter Haven 2 |
|